 Dungeon Crawl Stone Soup version 0.23.2-30-g0e89c35649 (webtiles) character file.

Game seed: 16068957454408888053

493 HASTUR3 the Archer (level 6, -2/48 HPs)
             Began as a Centaur Hunter on June 19, 2019.
             Was a Follower of Ashenzari.
             Killed by divine providence
             ... invoked by an orc priest
              (13 damage)
             ... on level 5 of the Dungeon.
             The game lasted 00:17:54 (3709 turns).

HASTUR3 the Archer (Centaur Hunter)                 Turns: 3709, Time: 00:17:54

Health: -2/48      AC:  4    Str: 19    XL:     6   Next: 92%
Magic:  0/6        EV:  9    Int: 10    God:    Ashenzari [*.....]
Gold:   339        SH:  0    Dex: 12    Spells: 5/5 levels left

rFire    . . .     SeeInvis .   a - +1 shortbow (curse)
rCold    . . .     Gourm    .   (shield currently unavailable)
rNeg     . . .     Faith    .   c - +0 leather armour (curse)
rPois    .         Spirit   +   (no helmet)
rElec    .         Reflect  .   i - scarf {Spirit} (curse)
rCorr    .         Harm     .   (no gloves)
MR       .....                  (no barding)
Stlth    +.........             p - amulet of guardian spirit
HPRegen  0.16/turn              s - +5 ring of strength
MPRegen  0.10/turn              (no ring)

@: slowed
A: large, hooves 3, deformed body, speed 2, tough skin 3
a: Curse Item, Scrying, Renounce Religion


You were on level 5 of the Dungeon.
You worshipped Ashenzari.
Ashenzari was aware of your devotion.
You were not hungry.

You visited 1 branch of the dungeon, and saw 5 of its levels.

You collected 339 gold pieces.

Inventory:

Hand Weapons
 a - a cursed +1 shortbow (weapon)
Missiles
 d - 5 arrows (quivered)
Armour
 c - a cursed +0 leather armour (worn)
 i - a cursed scarf of spirit shield (worn)
Jewellery
 h - an uncursed ring of ice
 p - an amulet of guardian spirit (around neck)
 s - a +5 ring of strength (left hand)
Scrolls
 b - a scroll of fear {unknown}
 g - 3 scrolls of teleportation
 k - a scroll of remove curse
Potions
 e - a potion of lignification
 j - a potion of cancellation {unknown}
 t - 3 potions of curing
Comestibles
 f - 5 rations
 l - 2 chunks of flesh


   Skills:
 - Level 2.0 Fighting
 + Level 10.8 Bows
 - Level 1.3 Dodging
 - Level 0.4 Stealth


You had 5 spell levels left.
You didn't know any spells.
Your spell library was empty.

Dungeon Overview and Level Annotations

Branches:
Dungeon (5/15)             Temple (0/1) D:4

Altars:
Ashenzari
Dithmenos
Okawaru

Annotations:
D:4 DKeggars's ghost, amateur GrFi


Innate Abilities, Weirdness & Mutations

You have hooves in place of feet.
Armour fits poorly on your strangely shaped body.
You cover ground very quickly.
You have extremely tough skin. (AC +3)


Message History

The orc wizard hits you with a +0 dagger.
The orc priest casts a cantrip, but nothing happens.
The orc wizard casts a spell.
The orc wizard blinks!
The orc wizard hits you with a +0 dagger.
The orc wizard barely misses you.
The orc wizard points at you and mumbles some strange words.
The puff of flame hits you!
The orc priest mumbles some strange prayers to Beogh against you.
Beogh smites you!
* * * LOW HITPOINT WARNING * * *
You feel better.
The orc wizard hits you but does no damage.
The orc wizard hits you with a +0 dagger.
The orc wizard points at you and mumbles some strange words.
The magic dart hits you.
* * * LOW HITPOINT WARNING * * *
The orc priest invokes the aid of Beogh against you.
Beogh smites you!
You die...

#...≈≈≈≈≈#########...##...##.....
#....≈≈≈≈≈.#......)...#....'.....
'....≈≈≈≈≈.#..........#....#.....
#.....≈≈≈≈.#..........#....#.....
#.....≈≈≈≈≈#'###############.....
......≈≈≈≈≈....................##
.......≈≈≈≈...........o........#
.......≈≈≈≈.......o............#
.......≈≈≈≈.....@..............#
......≈≈≈≈≈...........o...!.!..#
......≈≈≈≈≈....................'.
......≈≈≈≈.....................#.
.....≈≈≈≈≈....................[#.
.....≈≈≈≈≈................
#####≈≈≈≈#......##########
..88≈≈≈≈≈88..... #....#
............. #....+


You could see an orc priest and 2 orc wizards.

Vanquished Creatures
  An ice beast (D:5)
  A jelly (D:5)
  2 orc priests (D:4)
  3 orc wizards (D:4)
  3 worker ants
  7 adders
  An ooze (D:1)
  4 worms
  A dart slug (D:2)
  3 leopard geckos
  6 orcs
  3 ball pythons
  8 bats
  5 giant cockroaches
  7 goblins
  9 hobgoblins
  A quokka (D:3)
  4 frilled lizards
  A jackal skeleton (D:5)
  A jackal zombie (D:5)
  5 kobolds
  2 quokka skeletons
  7 rats
85 creatures vanquished.

Notes
Turn   | Place    | Note
-------+----------+-------------------------------------------
     0 | D:1      | HASTUR3 the Centaur Hunter began the quest for the Orb.
     0 | D:1      | Reached XP level 1. HP: 17/17 MP: 1/1
   126 | D:1      | Reached XP level 2. HP: 24/24 MP: 2/2
   151 | D:1      | Reached skill level 6 in Bows
   688 | D:2      | Reached XP level 3. HP: 16/29 MP: 1/3
   985 | D:2      | Reached skill level 7 in Bows
  1137 | D:2      | Found an iron altar of Okawaru.
  1320 | D:2      | Reached XP level 4. HP: 36/36 MP: 4/4
  1582 | D:3      | Found a shattered altar of Ashenzari.
  1591 | D:3      | Became a worshipper of Ashenzari the Shackled
  2010 | D:3      | Reached skill level 8 in Bows
  2360 | D:4      | Reached XP level 5. HP: 41/41 MP: 5/5
  2401 | D:4      | Found a runed translucent door.
  2409 | D:4      | Noticed DKeggars's ghost (amateur GrFi)
  2439 | D:4      | Reached skill level 9 in Bows
  2453 | D:4      | Reached XP level 6. HP: 42/48 MP: 6/6
  2454 | D:4      | Found a shadowy altar of Dithmenos.
  2504 | D:4      | Reached * piety under Ashenzari
  2544 | D:4      | Found a staircase to the Ecumenical Temple.
  2571 | D:4      | Found a runed translucent door.
  3019 | D:5      | Entered Level 5 of the Dungeon
  3074 | D:5      | Reached skill level 10 in Bows
  3648 | D:5      | Noticed an ice beast
  3692 | D:5      | Killed an ice beast
  3709 | D:5      | Killed from afar by an orc priest

Skill      XL: |  1  2  3  4  5  6 |
---------------+-------------------+-----
Bows           | 6 7 8 9 10 | 10.8
Fighting       | |  2.0
Dodging        | |  1.3
Stealth        | |  0.4

Action                   |  1- 3 |  4- 6 || total
-------------------------+-------+-------++-------
Melee: Short sword       |    15 |       ||    15
       Kick              |     1 |     6 ||     7
       Shortbow          |       |    22 ||    22
 Fire: Shortbow          |    86 |   176 ||   262
Invok: Curse Item        |       |     3 ||     3
  Use: Potion            |       |     6 ||     6
       Scroll            |       |     4 ||     4
  Eat: Chunk             |       |     6 ||     6
Armor: Leather armour    |    14 |    22 ||    36
Dodge: Dodged            |    13 |    33 ||    46
